 Dungeon Crawl Stone Soup version 0.28.0-53-g5a82cb258f (webtiles) character file.

Game seed: 12975750038954539302

59 Zeld the Chiller (level 4, -1/30 HPs)
             Began as a Merfolk Ice Elementalist on May 21, 2022.
             Slain by a gnoll
             ... wielding a +0 spear
              (6 damage)
             ... on level 2 of the Dungeon.
             The game lasted 00:02:22 (1611 turns).

Zeld the Chiller (Merfolk Ice Elementalist)         Turns: 1611, Time: 00:02:23

Health: -1/30      AC:  2    Str:  8    XL:     4   Next: 3%
Magic:  2/8        EV: 13    Int: 16    God:
Gold:   24         SH:  0    Dex: 14    Spells: 1/8 levels left

rFire   . . .      SeeInvis .   a - +5 trident (protect)
rCold   . . .      Faith    .   (no shield)
rNeg    . . .      Spirit   .   f - +0 robe
rPois   .          Reflect  .   (no helmet)
rElec   .          Harm     .   (no cloak)
rCorr   .          Rampage  .   (no gloves)
Will    .....                   (no boots)
Stlth   ++........              (no amulet)
HPRegen 0.10/turn               (no ring)
MPRegen 0.11/turn               (no ring)

@: no status effects
A: (nimble swimmer 2), mertail
a: no special abilities


You were on level 2 of the Dungeon.
You visited 1 branch of the dungeon, and saw 2 of its levels.

You collected 141 gold pieces.
You spent 117 gold pieces at shops.

Inventory:

Hand Weapons
 a - a +5 trident of protection (weapon)
Armour
 f - a +0 robe (worn)
Scrolls
 c - a scroll of teleportation {unknown}
 e - a scroll of identify {unknown}
 i - a scroll of vulnerability {unknown}
Potions
 b - a potion of lignification {unknown}
 d - a potion of curing {unknown}
 g - a potion of degeneration {unknown}
 h - a potion of berserk rage {unknown}


   Skills:
 + Level 0.7 Polearms
 + Level 3.4 Dodging
 - Level 2.1 Stealth
 * Level 2.8 Spellcasting
 * Level 5.0 Ice Magic


You had one spell level left.
You knew the following spells:

 Your Spells              Type           Power      Damage    Failure   Level
a - Freeze                Ice            72%        1d9       2%          1
b - Frozen Ramparts       Ice            36%        1d5       7%          3
c - Ozocubu's Armour      Ice            18%        N/A       7%          3

Your spell library contained the following spells:

 Spells                   Type           Power      Damage    Failure   Level
 Sandblast                Erth           4%         2d4       19%         1
 Passwall                 Tmut/Erth      1%         N/A       28%         2
 Stone Arrow              Conj/Erth      4%         3d7       50%         3
 Hailstorm                Conj/Ice       10%        3d5       54%         4


Dungeon Overview and Level Annotations

Branches:
Dungeon (2/15)

Altars:

Shops:
D:1 ((*(   D:2 :


Innate Abilities, Weirdness & Mutations

((You are very nimble when in or above water. (Stealth+, EV+, Speed+++)))
Your lower body shifts to a powerful aquatic tail in water.


Message History

Casting: Freeze (safe; 2% risk of failure)
Confirm with . or Enter, or press ? or * to list all spells.
The spell is quite dangerous to miscast (8% risk of failure)!
Continue anyway?
Okay, then.
Unknown command.
Casting: Frozen Ramparts (quite dangerous; 8% risk of failure)
Confirm with . or Enter, or press ? or * to list all spells.
The spell is quite dangerous to miscast (8% risk of failure)!
Continue anyway?
Casting: Frozen Ramparts (quite dangerous; 8% risk of failure)
Press: ? - help, Dir - look around, f - activate The walls around you are covered in ice.
The wall freezes the adder.
The wall freezes the ball python.
You kill the ball python!
The wall freezes the gnoll.
The wall freezes the adder.
The adder closely misses you.
Casting: Frozen Ramparts (quite dangerous; 8% risk of failure)
Confirm with . or Enter, or press ? or * to list all spells.
Aiming: Freeze (safe; 2% risk of failure)
Press: ? - help, Shift-Dir - straight line, f - adder
Aim: an adder (heavily wounded)
You freeze the adder.
The adder is almost dead.
The adder seems to slow down.
The wall freezes the gnoll.
You kill the gnoll!
Your Ice Magic skill increases to level 5!
Casting: Freeze (safe; 2% risk of failure)
Confirm with . or Enter, or press ? or * to list all spells.
Aiming: Freeze (safe; 2% risk of failure)
Press: ? - help, Shift-Dir - straight line, f/p - adder
Aim: an adder (almost dead, slow)
You freeze the adder.
You kill the adder!
The wall freezes the gnoll.
The gnoll hits you from afar with a +0 spear.
* * * LOW HITPOINT WARNING * * *
You have reached level 4!
Your frozen ramparts will break if you move.
Continue?
The frozen ramparts melt away as you move.
The gnoll hits you from afar with a +0 spear.
You die...

###.# ...# #.#...........
..#.#####..######.#..........#
.......†.......##.#.........#
###...#........##..........##
##..................###.###
####........###..........>
#........##gg.#.....##..
#........##)##.†..### #
#.........@.##.##.#
#.........####.# .#
########..# ..# .#
#.......#.#### .. #...(......#
# #......#...# .........#...#
###......##### #......#


You could see 2 gnolls.

Vanquished Creatures
  An adder (D:2)
  A gnoll (D:2)
  A worm (D:2)
  2 dart slugs (D:1)
  5 ball pythons
  6 goblins (D:1)
  A hobgoblin (D:1)
  4 jackals (D:1)
  A quokka (D:1)
  5 bats
  3 frilled lizards (D:1)
  3 rats (D:1)
  A spectral goblin (D:1)
34 creatures vanquished.

Notes
Turn   | Place    | Note
-------+----------+-------------------------------------------
     0 | D:1      | Zeld the Merfolk Ice Elementalist began the quest for the
                  | Orb.
     0 | D:1      | Reached XP level 1. HP: 13/13 MP: 3/3
    81 | D:1      | Found Ecverph's Assorted Antiques.
   110 | D:1      | Found Onouqe's Antique Weapon Shop.
   119 | D:1      | Found a faded altar of an unknown god.
   351 | D:1      | Reached XP level 2. HP: 17/17 MP: 3/5
   656 | D:1      | Found Akinyff's Weapon Boutique.
  1003 | D:1      | Reached XP level 3. HP: 22/24 MP: 3/6
  1022 | D:1      | Learned a level 3 spell: Frozen Ramparts
  1026 | D:1      | Learned a level 3 spell: Ozocubu's Armour
  1355 | D:1      | Bought a glowing trident for 117 gold pieces
  1409 | D:1      | Found Idutin's Antique Weapon Shop.
  1537 | D:2      | Found Soetedeej's Book Emporium.
  1610 | D:2      | Reached skill level 5 in Ice Magic
  1611 | D:2      | Reached XP level 4. HP: 4/30 MP: 2/8
  1611 | D:2      | Slain by a gnoll

Illustrated notes

Levels and vault maps discovered:
D:1:      sevenhm_arrival_forest_fort_large_2, layout_loops_corners,
          serial_shops, shop_coins, shop, nicolae_shop_trees,
          nicolae_shop_waterfront, dreamdust_ecumenical_altar_drowned_temple
D:2:      layout_rooms, serial_shops, nicolae_shop_hallway_stairs,
          grunt_decor_junction

Skill      XL: |  1  2  3 |
---------------+----------+-----
Dodging        | 3 |  3.4
Ice Magic      | 5 |  5.0
Polearms       | |  0.7
Stealth        | |  2.1
Spellcasting   | |  2.8

Action                   |  1- 3 |  4- 6 || total
-------------------------+-------+-------++-------
Melee: Unarmed           |    51 |       ||    51
       Trident           |     7 |       ||     7
 Cast: Freeze            |    40 |       ||    40
       Frozen Ramparts   |     1 |       ||     1
 Stab: Sleeping          |     4 |       ||     4
Armor: Robe              |    19 |       ||    19
Dodge: Dodged            |    93 |       ||    93
